 Dungeon Crawl Stone Soup version 0.29-a0-561-ga02bf68b3c (webtiles) character file.

Game seed: 4641371682598298060

23 Nedwor the Twirler (level 2, 26/26 HPs)
             Began as a Minotaur Gladiator on June 11, 2022.
             Quit the game on level 1 of the Dungeon.
             The game lasted 00:00:43 (1107 turns).

Nedwor the Twirler (Minotaur Gladiator)             Turns: 1107, Time: 00:00:43

Health: 26/26      AC:  3    Str: 18    XL:     2   Next: 75%
Magic:  1/1        EV: 12    Int:  5    God:
Gold:   72         SH:  0    Dex: 11    Spells: 1/1 levels left

rFire   . . .      SeeInvis .   a - +0 quarterstaff
rCold   . . .      Faith    .   (shield currently unavailable)
rNeg    . . .      Spirit   .   b - +0 leather armour
rPois   .          Reflect  .   c - +0 hat
rElec   .          Harm     .   (no cloak)
rCorr   .          Rampage  .   (no gloves)
Will    .....                   (no boots)
Stlth   +.........              (no amulet)
HPRegen 0.08/turn               (no ring)
MPRegen 0.07/turn               (no ring)

@: no status effects
A: horns 2, retaliatory headbutt
a: no special abilities


You were on level 1 of the Dungeon.
You visited 1 branch of the dungeon, and saw 1 of its levels.

You collected 72 gold pieces.

Inventory:

Hand Weapons
 a - a +0 quarterstaff (weapon)
Missiles
 d - 3 throwing nets (quivered)
 e - a javelin
Armour
 b - a +0 leather armour (worn)
 c - a +0 hat (worn)
Jewellery
 j - a ring of magical power
Potions
 f - a potion of curing {unknown}
 g - a potion of might {unknown}
 h - 2 potions of mutation {unknown}
 i - a potion of haste {unknown}
 k - a potion of heal wounds {unknown}


   Skills:
 + Level 3.0 Fighting
 * Level 4.5 Staves
 - Level 2.0 Throwing
 - Level 3.2 Dodging


You had one spell level left.
You didn't know any spells.
Your spell library was empty.

Dungeon Overview and Level Annotations

Branches:
Dungeon (1/15)

Altars:

Shops:
D:1 =


Innate Abilities, Weirdness & Mutations

You have a pair of horns on your head.
You reflexively headbutt those who attack you in melee.


Message History

Found a hunting sling.
No target in view!
You open the door.
There is an open door here.
You see here a +0 dagger.
Key pressed, stopping explore.
No target in view!
No target in view!
A giant cockroach comes into view.
A giant cockroach is nearby!
The giant cockroach barely misses you. The giant cockroach bites you.
You hit the giant cockroach but do no damage.
You headbutt the giant cockroach.
The giant cockroach is severely wounded.
The giant cockroach closely misses you.
A giant cockroach is nearby!
You hit the giant cockroach.
You kill the giant cockroach!
Found 17 stones.
No target in view!
No target in view!
Search for what [? for help]?
Okay, then.
You see here 17 stones.
Found a spear.
Found a whip.
You now have 72 gold pieces (gained 5).
Found a leather armour.
You open the door.
Found a hand axe.
Found a stone staircase leading down.
There is an open door here.
Found an escape hatch in the floor.
You see here a +0 whip.
As you open the door, it creaks loudly!
There is an open door here.
k - a bubbling puce potion
There is an open door here.
A bat comes into view.
A bat is nearby!
Are you sure you want to abandon this character and quit the game? (Confirm with "yes".)

##### ....# ###.# #.#.#
#.#.# ..#.# #.#.# #.#.#
##################
#.#.###.........@...b...
#.#.....################
#.#.....###..........#
#....................#
####....###.##########
...................
##.......##.#######
.(.......'.>..)....
##.......##.#######


You could see a bat.

Vanquished Creatures
  4 bats (D:1)
  2 endoplasms (D:1)
  A giant cockroach (D:1)
  2 goblins (D:1)
  2 hobgoblins (D:1)
  4 ball pythons (D:1)
  2 frilled lizards (D:1)
  2 kobolds (D:1)
  A rat (D:1)
20 creatures vanquished.

Notes
Turn   | Place    | Note
-------+----------+-------------------------------------------
     0 | D:1      | Nedwor the Minotaur Gladiator began the quest for the Orb.
     0 | D:1      | Reached XP level 1. HP: 18/18 MP: 0/0
   207 | D:1      | Found Suyts's Jewellery Shoppe.
   275 | D:1      | Reached skill level 4 in Staves
   395 | D:1      | Reached XP level 2. HP: 17/25 MP: 1/1
  1107 | D:1      | Quit the game

Illustrated notes

Levels and vault maps discovered:
D:1:      minmay_arrival_radiant_lines, layout_basic, serial_shops, shop,
          nrook_mini_vaults, serial_park_tiny_1

Skill      XL: |  1  2 |
---------------+-------+-----
Staves         | 4 |  4.5
Fighting       | 3 |  3.0
Throwing       | |  2.0
Dodging        | |  3.2

Action                   || total
-------------------------++-------
Melee: Quarterstaff      ||    48
       Headbutt          ||     6
Armor: Leather armour    ||    14
Dodge: Dodged            ||    35

Table legend: (Time is in decaauts)
 A = Elapsed time spent in this place.
 B = Non-inter-level travel time spent in this place.
 C = Inter-level travel time spent in this place.
 D = Time resting spent in this place.
 E = Time spent auto-exploring this place.
 F = Levels seen in this place.
 G = Mean time per level.
                   A        B        C        D        E       F      G
               +--------+--------+--------+--------+--------+-----+--------+
         Total |   1112 |   1112 |      0 |    135 |    845 |   1 | 1112.0 |
       Dungeon |   1112 |   1112 |      0 |    135 |    845 |   1 | 1112.0 |
               +--------+--------+--------+--------+--------+-----+--------+

Top non-repeatable levels by time:
     D:1: 1112 daAuts
